 Dungeon Crawl Stone Soup version 0.29-a0-337-g68df138881 (webtiles) character file.

Game seed: 2682516079178587541

114 Jortsu the Covered (level 4, -1/29 HPs)
             Began as a Gargoyle Fighter on Apr 17, 2022.
             Slain by a gnoll
             ... wielding a +0 spear
              (3 damage)
             ... on level 3 of the Dungeon.
             The game lasted 00:04:24 (2767 turns).

Jortsu the Covered (Gargoyle Fighter)               Turns: 2767, Time: 00:04:24

Health: -1/29      AC: 11    Str: 19    XL:     4   Next: 98%
Magic:  4/4        EV:  9    Int:  9    God:
Gold:   139        SH:  4    Dex: 11    Spells: 3/3 levels left

rFire   . . .      SeeInvis .   l - +9 scimitar of the Tooth {freeze, Fly rN++}
rCold   . . .      Faith    .   c - +0 buckler
rNeg    + + +      Spirit   .   b - +0 scale mail
rPois   ∞          Reflect  .   (no helmet)
rElec   +          Harm     .   (no cloak)
rCorr   +          Rampage  .   f - +0 pair of gloves
Will    .....                   (no boots)
Stlth   ..........              h - amulet of the acrobat
HPRegen 0.09/turn               j - ring of resist corrosion
MPRegen 0.09/turn               (no ring)

@: flying
A: sickness immunity, AC +3, negative energy resistance 1, electricity
resistance, torment resistance 1, petrification resistance
a: no special abilities


You were on level 3 of the Dungeon.
You visited 1 branch of the dungeon, and saw 3 of its levels.

You collected 139 gold pieces.

Inventory:

Hand Weapons
 a - a +1 flail
 l - the +9 scimitar of the Tooth (weapon) {freeze, Fly rN++}
   (You acquired it on level 2 of the Dungeon)

   It freezes those it strikes, dealing additional cold damage.
   It can also slow down cold-blooded creatures.
   rN:        It greatly protects you from negative energy.
   Fly:       It grants you flight.
Armour
 b - a +0 scale mail (worn)
 c - a +0 buckler (worn)
 f - a +0 pair of gloves (worn)
Jewellery
 h - an amulet of the acrobat (around neck)
 j - a ring of resist corrosion (left hand)
Scrolls
 g - a scroll of enchant weapon
Potions
 d - a potion of might
 e - a potion of ambrosia
 i - a potion of curing
 m - a potion of lignification {unknown}


   Skills:
 + Level 3.6 Fighting
 + Level 0.5 Long Blades
 + Level 3.6 Maces & Flails
 + Level 3.9 Armour
 + Level 0.2 Dodging
 + Level 3.8 Shields


You had 3 spell levels left.
You didn't know any spells.
Your spell library contained the following spells:

 Spells                   Type           Power      Damage    Failure   Level
 Cause Fear               Hex            0%         N/A       100%        4
 Dragon Form              Tmut           0%         N/A       100%        7
 Dragon's Call            Summ           0%         N/A       100%        9


Dungeon Overview and Level Annotations

Branches:
Dungeon (3/15)

Altars:
Uskayaw

Shops:
D:1 (**


Innate Abilities, Weirdness & Mutations

You are immune to sickness and miasma.
Your stone body is resilient. (AC +3)
You are immune to poison.
You resist negative energy. (rN+)
You are resistant to electric shocks. (rElec)
You are resistant to unholy torment.
You are immune to petrification.


Message History

You kill the orc wizard!
Items here: ))) [[[ ††.
HP restored.
A gnoll comes into view. It is wielding a +0 whip.
The gnoll shouts!
You hear a shout!
A gnoll comes into view. It is wielding a +0 spear.
You hear a shout!
You hear a bark! 2 gnolls come into view.
The gnoll shouts! x2; You hear a bark!
An orc priest comes into view. It is wielding a +0 morningstar.
You hear a bark!
You hear a shout!
Items here: ))) [[[ ††.
The gnoll throws a stone.
The stone completely misses you. You block the gnoll's attack.
The gnoll hits you but does no damage. The gnoll barely misses you.
Items here: ))) [[[ ††.
You barely miss the gnoll. The gnoll hits you but does no damage.
The gnoll hits you from afar with a +0 spear.
The gnoll closely misses you. The gnoll barely misses you.
You barely miss the gnoll. The gnoll hits you with a +0 spear.
The gnoll hits you from afar with a +0 spear.
You hit the gnoll. You freeze the gnoll.
The gnoll is heavily wounded.
The gnoll hits you with a +0 spear. You block the gnoll's attack.
You hit the gnoll. You freeze the gnoll.
You kill the gnoll!
You block the gnoll's attack.
The gnoll hits you from afar with a +0 spear.
Things that are here:
a +0 spear; 16 stones; a gnoll corpse The gnoll barely misses you.
The gnoll hits you with a +0 spear.
You closely miss the gnoll. The gnoll hits you with a +0 flail!
* * * LOW HITPOINT WARNING * * *
The gnoll hits you but does no damage.
You hit the gnoll. You freeze the gnoll.
The gnoll is moderately wounded.
The gnoll barely misses you. The gnoll hits you but does no damage.
The gnoll hits you with a +0 spear.
You die...

#...##..##...##....#....
#..#.##..#..##.#..)#....
#.. ..##...##..#..)#....
#..# #[##.##.#.#..†.....
#..#. #.#.#.##.#....###.
#.##.#.#.##.#....# #.
#.#)#.#.#.##..#.# #.
#g)#.#..##...#.# .
##@#.#.##.......
##g..##........
##.##.........# #.# ...
...#. .g.g##. ...gg. #!
......# #.


You could see 2 gnolls.

Vanquished Creatures
  An orc wizard (D:3)
  An adder (D:2)
  A gnoll (D:3)
  4 worms (D:2)
  A dart slug (D:1)
  2 orcs (D:3)
  5 endoplasms
  4 goblins
  6 hobgoblins
  8 jackals (D:1)
  A quokka (D:3)
  3 ball pythons
  4 bats
  3 frilled lizards
  3 kobolds
  6 rats
53 creatures vanquished.

Notes
Turn   | Place    | Note
-------+----------+-------------------------------------------
     0 | D:1      | Jortsu the Gargoyle Fighter began the quest for the Orb.
     0 | D:1      | Reached XP level 1. HP: 14/14 MP: 1/1
    37 | D:1      | Found Miegyokyet's Antique Weapon Emporium.
    40 | D:1      | Found Nopurom's Assorted Antiques.
   252 | D:1      | Reached XP level 2. HP: 13/19 MP: 2/2
   836 | D:1      | Reached XP level 3. HP: 23/23 MP: 3/3
  1085 | D:1      | Found a faded altar of an unknown god.
  1094 | D:1      | Prayed at the altar of an unknown god.
  1094 | D:1      | Became a worshipper of Uskayaw the Reveller
  1094 | D:1      | Reached * piety under Uskayaw
  1095 | D:1      | Fell from the grace of Uskayaw
  1142 | D:1      | Found Okhloowni's General Store.
  1865 | D:2      | Reached XP level 4. HP: 26/28 MP: 4/4
  2520 | D:2      | Identified a scroll of acquirement
  2520 | D:2      | Acquired the +9 scimitar of the Tooth {freeze, Fly rN++}
  2702 | D:3      | Paralysed by the fury of Uskayaw for 7 turns
  2767 | D:3      | Slain by a gnoll

Illustrated notes

Levels and vault maps discovered:
D:1:      lemuel_arrival_room, layout_basic, serial_co_window_serial,
          co_window_paths_b, co_window_corner_a, co_window_corner_a,
          co_window_paths_a, co_window_corner_a, co_window_paths_c,
          co_window_corner_cb, co_window_broadway_c, co_window_4corner_a,
          glass_columns_b, serial_shops, nicolae_square_shop,
          nicolae_shop_hallway_stairs, shop,
          shapermc_ecumenical_altar_notcrosses, minivault_5
D:2:      layout_loops_corners, grunt_ministairs_11
D:3:      layout_rooms, minmay_parallelograms, uniq_jessica

Skill      XL: |  1  2  3 |
---------------+----------+-----
Maces & Flails | 3 |  3.6
Fighting       | |  3.6
Long Blades    | |  0.5
Armour         | |  3.9
Dodging        | |  0.2
Shields        | |  3.8

Action                   |  1- 3 |  4- 6 || total
-------------------------+-------+-------++-------
Melee: Flail             |   101 |    30 ||   131
       Scimitar          |       |    23 ||    23
Invok: Renounce Religion |     1 |       ||     1
  Use: Scroll            |     5 |     4 ||     9
Armor: Scale mail        |    51 |    33 ||    84
Dodge: Dodged            |    40 |    63 ||   103
Block: Buckler           |    24 |    14 ||    38

Table legend: (Time is in decaauts)
 A = Elapsed time spent in this place.
 B = Non-inter-level travel time spent in this place.
 C = Inter-level travel time spent in this place.
 D = Time resting spent in this place.
 E = Time spent auto-exploring this place.
 F = Levels seen in this place.
 G = Mean time per level.
                   A        B        C        D        E       F      G
               +--------+--------+--------+--------+--------+-----+--------+
         Total |   2816 |   2775 |     41 |      0 |   2271 |   3 |  938.7 |
       Dungeon |   2816 |   2775 |     41 |      0 |   2271 |   3 |  938.7 |
               +--------+--------+--------+--------+--------+-----+--------+

Top non-repeatable levels by time:
     D:1: 1524 daAuts
     D:2: 1114 daAuts
     D:3: 177 daAuts
